 Dungeon Crawl Stone Soup version 0.13-a0-3104-gb5885e9 (webtiles) character file.

82 Malachi the Magician (level 2, 22/22 HPs)
             Began as a Troll Wizard on Sept 19, 2013.
             Got out of the dungeon alive.
             The game lasted 00:01:34 (757 turns).

Malachi the Magician (Troll Wizard)                  Turns: 757, Time: 00:01:35

HP  22/22        AC  5     Str 14      XL: 2   Next: 68%
MP   6/6         EV 10     Int 14      God:
Gold 60          SH  0     Dex  8      Spells:  1 memorised,  4 levels left

Res.Fire  : . . .   See Invis. : .   (no weapon)
Res.Cold  : . . .   Warding    : .   a - +0 robe
Life Prot.: . . .   Conserve   : .   (shield restricted)
Res.Poison: .       Res.Corr.  : .   b - +0 wizard hat
Res.Elec. : .       Clarity    : .   (no cloak)
Sust.Abil.: . .     Spirit.Shd : .   (gloves unavailable)
Res.Mut.  : .       Stasis     : .   (boots unavailable)
Res.Rott. : .       Flight     : .   (no amulet)
Gourmand  : +                        (no ring)
                                     (no ring)

@: not resistant to hostile enchantments, unstealthy
A: unfitting armour, claws 3, fast metabolism 3, gourmand, regeneration 2,
saprovore 2, tough skin 2, AC +1
a: no special abilities


You escaped.
You were not hungry.

You visited 1 branch of the dungeon, and saw 1 of its levels.

You collected 40 gold pieces.

Inventory:

Armour
 a - a +0 robe (worn)
 b - a +0 wizard hat (worn)
Comestibles
 d - 3 meat rations
Scrolls
 e - a scroll of fear {unknown}
 f - 5 scrolls of teleportation {unknown}
 h - a scroll of fog {unknown}
 i - 2 scrolls of remove curse {unknown}
 j - a scroll of curse armour {unknown}
 k - a scroll of recharging {unknown}
 l - a scroll of identify {unknown}
Potions
 g - a potion of agility {unknown}
Books
 c - a book of Minor Magic

   Spells                             Type                      Level
   *Magic Dart                        Conjuration                  1
   Blink                              Translocation                2
   Call Imp                           Summoning                    2
   Repel Missiles                     Charms/Air                   2
   Slow                               Hexes                        2
   Conjure Flame                      Conjuration/Fire             3
   Mephitic Cloud                     Conjuration/Poison/Air       3


   Skills:
 + Level 2.0 Dodging
 + Level 1.1 Stealth
 + Level 0.6 Unarmed Combat
 + Level 2.2 Spellcasting
 + Level 0.6 Conjurations
   Level 0.6 Summonings
   Level 0.6 Translocations


You had 4 spell levels left.
You knew the following spells:

 Your Spells              Type           Power        Failure   Level  Hunger
a - Magic Dart            Conj           #...         21%         1    #......


Dungeon Overview and Level Annotations

Branches:
Dungeon (1/27)

Altars:


Innate Abilities, Weirdness & Mutations

You are too large for most types of armour.
You have claws for hands.
Your metabolism is lightning-fast.
You like to eat raw meat.
You heal very quickly.
You can eat rotten meat.
You are covered in fur (AC +1).
You have very tough skin (AC +2).


Message History

Done exploring.
Done exploring.
Done exploring.
Done exploring.
No target in view!
No target in view!
There is a stone staircase leading down here.
There is an open door here.
A giant newt comes into view.
The giant newt barely misses you.
You hit the giant newt.
You kill the giant newt!
No target in view!
No target in view!
No target in view!
You see here a giant newt corpse.
There is a staircase leading out of the dungeon here.
You can't go down here!
Are you sure you want to leave the Dungeon?
This will make you lose the game!
You have escaped!

..######...#...#......##########.
####...#...#...#...#### ####.
#...#####.#.#...# #....
####...#####.#.##..##########....
........................>........
........##########...##...######.
#######.+....♣P#f###.##...# #....
###≈≈≈..♣P#.♣####...# #....
##≈8....@♣# ##### #....
###≈≈≈.%♣P#.♣# ####.
#.'....♣P#f#### #.
#.##########..# #.
#......#.##...# #. #
###....#.##...# #. #
#....#.##...###### #.
############.#.##...##...# #.
.........................# #.


There were no monsters in sight!

Vanquished Creatures
  A giant gecko (D:1)
  An ooze (D:1)
  5 bats (D:1)
  3 goblins (D:1)
  2 hobgoblins (D:1)
  A kobold (D:1)
  2 giant newts (D:1)
  5 rats (D:1)
20 creatures vanquished.

Notes
Turn   | Place    | Note
--------------------------------------------------------------
     0 | D:1      | Malachi, the Troll Wizard, began the quest for the Orb.
     0 | D:1      | Reached XP level 1. HP: 14/14 MP: 5/5
   178 | D:1      | Reached XP level 2. HP: 22/22 MP: 6/6
   757 | D:$      | Got out of the dungeon alive.

Action                   || total
-------------------------++-------
Melee: Unarmed           ||    88
